 Dungeon Crawl Stone Soup version 0.31.0-9-g3a7656b989 (webtiles) character file.

Game seed: 7838193812323080128

4737 Kallu the Grappler (level 10, -8/144 HPs)
             Began as a Troll Monk on Jan 24, 2024.
             Was an Initiate of Ru.
             Mangled by a two-headed ogre
             ... wielding a +0 dire flail
              (10 damage)
             ... on level 9 of the Dungeon.
             The game lasted 00:11:39 (6531 turns).

Kallu the Grappler (Troll Monk)                     Turns: 6531, Time: 00:11:40

Health: -8/144     AC:  5    Str: 25    XL:     10   Next: 22%
Magic:  9/9        EV: 10    Int:  6    God:    Ru [......]
Gold:   610        SH:  0    Dex: 12    Spells: 9/9 levels left

rFire   + .          .
                       - Unarmed
rCold   . . .        c - orb {light}
rNeg    . . .        F - +1 robe {rF+}
rPois   .            (helmet restricted)
rElec   .            (no cloak)
rCorr   +            (gloves unavailable)
SInv    +            (boots unavailable)
Will    .....        (no amulet) Stlth
                     h - ring of resist corrosion
HPRegen 1.24/turn    y - ring of see invisible
MPRegen 0.11/turn

%: no passive effects
@: berserking, glowing, very quick
A: large, unfitting armour, claws 3, regeneration 1, shaggy fur 1, tough skin 1,
no potion heal 1
a: Renounce Religion


You were on level 9 of the Dungeon.
You worshipped Ru.
Ru was noncommittal.
You visited 1 branch of the dungeon, and saw 9 of its levels.
You also visited: Sewer.

You collected 610 gold pieces.

Inventory:

Hand Weapons
 D - a +2 scimitar of flaming
Missiles
 j - 13 poisoned darts (quivered)
 C - a boomerang
 G - 2 atropa-tipped darts
Armour
 a - a +0 robe
 c - an orb of light (worn)
 F - a +1 robe of fire resistance (worn)
 J - +0 steam dragon scales
Jewellery
 h - a ring of resist corrosion (left claw)
 s - a ring of protection from cold
 y - a ring of see invisible (right claw)
Wands
 t - a wand of charming (17)
 B - a wand of flame (31)
Scrolls
 d - 2 scrolls of silence {unknown}
 e - 9 scrolls of identify {unknown}
 f - 5 scrolls of teleportation {unknown}
 i - 4 scrolls of immolation {unknown}
 n - 2 scrolls of vulnerability {unknown}
 o - a scroll of fog {unknown}
 r - 2 scrolls of enchant weapon {unknown}
 u - a scroll of fear {unknown}
 x - a scroll of enchant armour {unknown}
 A - 2 scrolls of revelation {unknown}
 E - a scroll of poison {unknown}
 H - a scroll of noise {unknown}
 K - a scroll of amnesia {unknown}
Potions
 b - 2 potions of ambrosia
 g - 2 potions of curing
 k - a potion of brilliance {unknown}
 l - 5 potions of might {unknown}
 m - a potion of mutation {unknown}
 p - 2 potions of degeneration {unknown}
 v - 2 potions of attraction
 w - 2 potions of lignification {unknown}
 z - 2 potions of heal wounds {unknown}
 I - a potion of haste {unknown}


   Skills:
 - Level 5.0 Fighting
 - Level 6.0 Throwing
 - Level 2.4 Dodging
 + Level 12.7 Unarmed Combat


You had 9 spell levels left.
You didn't know any spells.
Your spell library contained the following spells:

 Spells                   Type           Power      Damage    Failure   Level
 Shock                    Conj/Air       0%         1d3       45%         1
 Ensorcelled Hibernation  Hex/Ice        0%         N/A       58%         2
 Frozen Ramparts          Ice            0%         1d1       83%         3
 Inner Flame              Hex/Fire       0%         N/A       83%         3
 Passwall                 Erth           0%         N/A       83%         3
 Swiftness                Air            0%         N/A       83%         3
 Airstrike                Air            0%         2d(0-16)  99%         4
 Leda's Liquefaction      Alch/Erth      0%         N/A       99%         4
 Petrify                  Alch/Erth      0%         N/A       99%         4
 Irradiate                Conj/Alch      0%         3d11      100%        5
 Metabolic Englaciation   Hex/Ice        0%         N/A       100%        5
 Ignition                 Fire           0%         3d3       100%        8


Dungeon Overview and Level Annotations

Branches:
Dungeon (9/15)             Temple (0/1) D:5           Sewer (visited)
   Lair: D:8-11         Orc: D:9-12

Altars:
Ashenzari
Elyvilon
Fedhas
Gozag
Hepliaklqana
Nemelex Xobeh
Ru
Wu Jian
Yredelemnul
The Shining One

Shops:
D:8 *


Innate Abilities, Weirdness & Mutations

You are too large for most types of armour.
You have claws for hands.
Your natural rate of healing is unusually fast.
You are covered in fur. (AC +1)
You have tough skin. (AC +1)
Potions are less effective at restoring your health.


Message History

No target in view!
Things that are here:
a yak corpse; a yak corpse You now have 587 gold pieces (gained 10).
Found an ornate altar of the Wu Jian Council.
You now have 596 gold pieces (gained 9).
You now have 610 gold pieces (gained 14).
Found a short sword.
K - a scroll labelled MIZXYU TINTOLU A two-headed ogre comes into view.
It is wielding a +0 dire flail and a +0 giant club.
You claw the two-headed ogre!
The two-headed ogre is lightly wounded.
The two-headed ogre hits you with a +0 dire flail!!
The two-headed ogre hits you with a +0 giant club!!
You claw the two-headed ogre!
The two-headed ogre is moderately wounded.
You scratch the two-headed ogre.
The two-headed ogre is heavily wounded.
The two-headed ogre hits you with a +0 dire flail!
The two-headed ogre hits you with a +0 giant club!!
* * * LOW HITPOINT WARNING * * *
Okay, then.
Unknown command.
You scratch the two-headed ogre.
The two-headed ogre is heavily wounded.
Unknown command.
A red film seems to cover your vision as you go berserk!
You feel yourself moving faster!
You feel mighty!
The two-headed ogre hits you with a +0 dire flail!
* * * LOW HITPOINT WARNING * * *
The two-headed ogre hits you with a +0 giant club!
* * * LOW HITPOINT WARNING * * *
You mangle the two-headed ogre!!
The two-headed ogre is almost dead.
You scratch the two-headed ogre.
The two-headed ogre is almost dead.
The two-headed ogre hits you with a +0 dire flail!
* * * LOW HITPOINT WARNING * * *
The two-headed ogre hits you with a +0 giant club!
You die...

..##.#.# ..##...# .#
..####.# .# ..# #.#
.# #.# #.# .# #.##
#.#.########.#
#..###.#........#.#
##..##.########.#O#.#
##.##..........@...#
#.....#############
#######


You could see a two-headed ogre.

Vanquished Creatures
  Erica (D:8)
  A boulder beetle (D:9)
  Jeremiah (D:7)
  Psyche (D:8)
  6 yaks (D:9)
  A steam dragon (D:9)
  Edmund (D:6)
  A water moccasin (D:7)
  2 black bears (D:6)
  Pargi (Sewer)
  An ogre (D:7)
  3 centaurs
  2 kobold brigands
  2 phantoms (D:5)
  3 bullfrogs
  A brain worm (Sewer)
  A gnoll sergeant (D:7)
  3 scorpions
  3 hounds
  A jelly (D:6)
  An orc priest (D:3)
  An orc wizard (D:5)
  An iguana (D:5)
  A sleepcap (D:3)
  5 gnolls
  5 adders
  3 shadow imps
  2 ufetubi (D:5)
  4 dart slugs
  A ribbon worm (D:5)
  24 orcs
  4 endoplasms
  3 giant cockroaches
  10 goblins
  7 hobgoblins
  6 jackals
  3 quokkas
  9 ball pythons
  13 bats
  3 frilled lizards (D:1)
  2 goblin skeletons (D:5)
  A goblin zombie (D:5)
  2 hobgoblin zombies (D:5)
  11 kobolds
  A kobold skeleton (D:5)
  An orc skeleton (D:5)
  6 rats
166 creatures vanquished.

Notes
Turn   | Place    | Note
-------+----------+-------------------------------------------
     0 | D:1      | Kallu the Troll Monk began the quest for the Orb.
     0 | D:1      | Reached XP level 1. HP: 22/22 MP: 0/0
   120 | D:1      | Reached XP level 2. HP: 29/29 MP: 1/1
   216 | D:1      | Reached skill level 4 in Unarmed Combat
   275 | D:1      | Reached XP level 3. HP: 36/36 MP: 2/2
   581 | D:2      | Reached XP level 4. HP: 44/44 MP: 3/3
   591 | D:2      | Reached skill level 5 in Unarmed Combat
   665 | D:2      | Identified the +8 whip of Watchfulness {elec, rN+ rCorr
                  | Int-4}
  1165 | D:3      | Reached XP level 5. HP: 43/50 MP: 4/4
  1205 | D:3      | Reached skill level 6 in Unarmed Combat
  1215 | D:3      | Found an opulent altar of Gozag.
  1315 | D:3      | You fall into a shaft and drop 3 floors!
  1355 | D:6      | Noticed a black bear
  1384 | D:6      | Reached XP level 6. HP: 59/59 MP: 5/5
  1420 | D:5      | Entered Level 5 of the Dungeon
  1448 | D:5      | Reached skill level 7 in Unarmed Combat
  1548 | D:5      | Found a staircase to the Ecumenical Temple.
  1810 | D:5      | Found a glowing golden altar of the Shining One.
  1866 | D:5      | Found a glowing drain.
  1879 | Sewer    | Entered a sewer
  1908 | Sewer    | Reached skill level 8 in Unarmed Combat
  1908 | Sewer    | Reached XP level 7. HP: 66/66 MP: 4/6
  1914 | Sewer    | Noticed Pargi
  1927 | Sewer    | Killed Pargi
  2523 | D:6      | Reached skill level 5 in Fighting
  2523 | D:6      | Reached skill level 1 in Throwing
  2523 | D:6      | Reached XP level 8. HP: 74/80 MP: 7/7
  2757 | D:6      | Noticed Edmund
  2776 | D:6      | Killed Edmund
  3146 | D:3      | Found a sparkling altar of Nemelex Xobeh.
  3292 | D:3      | Found a broken altar of Ashenzari.
  3296 | D:3      | Saw a vision of the Swamp and the Snake Pit.
  3296 | D:3      | Noticed a spriggan rider
  3296 | D:3      | Noticed a goliath frog
  3297 | D:3      | Noticed an eleionoma
  3297 | D:3      | Noticed a black mamba
  3298 | D:3      | Noticed a shock serpent
  3299 | D:3      | Noticed a thorn hunter
  3299 | D:3      | Noticed a bog body
  4513 | D:7      | Reached skill level 9 in Unarmed Combat
  4614 | D:7      | Noticed Jeremiah
  4925 | D:7      | Killed Jeremiah
  4926 | D:7      | Reached skill level 10 in Unarmed Combat
  4926 | D:7      | Reached XP level 9. HP: 76/87 MP: 8/8
  5175 | D:7      | Found a hazy altar of Hepliaklqana.
  5277 | D:8      | Found Teuzimofu's Assorted Antiques.
  5300 | D:8      | Found a blossoming altar of Fedhas.
  5523 | D:8      | Noticed Erica
  5533 | D:8      | Noticed Psyche
  5545 | D:8      | Killed Psyche
  5546 | D:8      | Reached skill level 11 in Unarmed Combat
  5546 | D:8      | Killed Erica
  5608 | D:8      | Found a basalt altar of Yredelemnul.
  5756 | D:8      | Found a white marble altar of Elyvilon.
  5848 | D:8      | Reached skill level 12 in Unarmed Combat
  6154 | D:9      | Found a sacrificial altar of Ru.
  6167 | D:9      | Became a worshipper of Ru the Awakened
  6179 | D:9      | Gained mutation: Potions are less effective at restoring
                  | your health. [Ru sacrifice]
  6318 | D:9      | Noticed a boulder beetle
  6335 | D:9      | Killed a boulder beetle
  6336 | D:9      | Reached skill level 5 in Throwing
  6394 | D:9      | Reached XP level 10. HP: 94/96 MP: 9/9
  6484 | D:9      | Found an ornate altar of the Wu Jian Council.
  6524 | D:9      | Noticed a two-headed ogre
  6531 | D:9      | HP: 2/144 [two-headed ogre/+0 dire flail (12)]
  6531 | D:9      | Mangled by a two-headed ogre

Illustrated notes

Levels and vault maps discovered:
D:1:      nicolae_arrival_washed_ashore, layout_rooms
D:2:      layout_basic
D:3:      layout_basic, mainiacjoe_overflow_alcove_4, grunt_gozag_breadcrumbs,
          grunt_ashenzari_visionary [grunt_ashenzari_visionary_swamp,
          grunt_ashenzari_visionary_snake]
D:4:      layout_loops_ring, lemuel_coloured_pillars_altar, bloody_makhleb,
          mainiacjoe_overflow_surrounded_room, minivault_4
D:5:      layout_loops_corners, nicolae_tso_besieged_by_evil,
          minmay_temple_entry_crystal_x, portal_sewer_entry_c,
          corexii_corridor_pit, grunt_decor_one_mirror
D:6:      minmay_skewed_foursquare, layout_basic, uniq_edmund
D:7:      layout_rooms, nicolae_hepliaklqana_hippocampus, uniq_jeremiah
D:8:      layout_loops_corners, mainiacjoe_overflow_catwalk, old_standard_altar,
          elyvilon_altar_5, enter_bailey_2, serial_shops,
          nicolae_shop_overgrown_old_shop, uniq_erica, uniq_psyche
D:9:      layout_basic, nicolae_ru_the_path_less_chosen,
          mainiacjoe_overflow_chevrons, orc_0_dummy, minivault_27,
          nzn_sisyphean_effort

Skill      XL: |  1  2  3  4  5  6  7  8  9 |
---------------+----------------------------+-----
Unarmed Combat | 4 5 6 8 10 12 | 12.7
Fighting       | 5 |  5.0
Throwing       | 1 4 6 |  6.0
Dodging        | |  2.4

Action                     |  1- 3 |  4- 6 |  7- 9 | 10-12 || total
---------------------------+-------+-------+-------+-------++-------
  Melee: Unarmed           |    66 |   117 |   198 |    26 ||   407
  Throw: Dart              |       |     1 |    12 |       ||    13
         Boomerang         |       |       |     2 |       ||     2
 Invoke: Sacrifice Purity  |       |       |     1 |       ||     1
  Evoke: Wand              |       |       |     8 |       ||     8
    Use: Potion            |       |       |     3 |     1 ||     4
 Armour: Robe              |    38 |    71 |   146 |    13 ||   268
  Dodge: Dodged            |    28 |    51 |    93 |     5 ||   177
